 Seeded DCSS version 0.30-a0-1053-gbd8d5ba0ad (webtiles) character file.

Game seed: 9733032683734444704 (custom seed)

511 GigaChad the Shield-Bearer (level 7, -1/55 HPs)
             Began as a Formicid Fighter on Apr 11, 2023.
             Slain by an ogre
             ... wielding a +0 giant club
              (11 damage)
             ... on level 5 of the Dungeon.
             The game lasted 00:06:26 (3773 turns).

GigaChad the Shield-Bearer (Formicid Fighter)       Turns: 3773, Time: 00:06:27

Health: -1/55      AC:  9    Str: 22    XL:     7   Next: 43%
Magic:  7/7        EV:  8    Int:  8    God:
Gold:   194        SH:  5    Dex: 13    Spells: 6/6 levels left

rFire   . . .      SeeInvis +    a - +0 war axe
rCold   . . .      Faith    .    c - +0 buckler
rNeg    . . .      Spirit   .    u - +0 chain mail
rPois   .          Reflect  .    (helmet unavailable)
rElec   .          Rampage  .    (no cloak)
rCorr   .                        (no gloves)
Will    .....                    (no boots) Stlth
                                 (no amulet)
HPRegen 0.29/turn                o - +4 ring of slaying
MPRegen 0.10/turn                (no ring)

@: lethally poisoned (-1 -> -2)
A: permanent stasis, dig shafts and tunnels, antennae 3, four strong arms
a: Dig, Shaft Self


You were on level 5 of the Dungeon.
You visited 1 branch of the dungeon, and saw 5 of its levels.

You collected 194 gold pieces.

Inventory:

Hand Weapons
 a - a +0 war axe (weapon)
 r - a +2 spear of freezing
Missiles
 m - a throwing net
Armour
 b - a +0 scale mail
 c - a +0 buckler (worn)
 u - a +0 chain mail (worn)
Jewellery
 i - a ring of magical power
 o - a +4 ring of slaying (left hand)
 y - an amulet of magic regeneration
 z - a ring of flight
Scrolls
 f - 3 scrolls of identify {unknown}
 g - 3 scrolls of teleportation {unknown}
 h - a scroll of amnesia {unknown}
 n - a scroll of vulnerability {unknown}
 p - a scroll of fear {unknown}
 s - 2 scrolls of enchant armour {unknown}
 w - 2 scrolls of immolation {unknown}
 x - a scroll of silence {unknown}
Potions
 d - 2 potions of might
 e - 5 potions of curing {unknown}
 j - 2 potions of berserk rage {unknown}
 k - 4 potions of brilliance {unknown}
 l - 2 potions of attraction {unknown}
 q - a potion of flight {unknown}
 t - a potion of heal wounds {unknown}
 v - a potion of magic {unknown}
 A - a potion of lignification {unknown}


   Skills:
 + Level 4.4 Fighting
 + Level 5.4 Axes
 + Level 4.7 Armour
 + Level 0.5 Dodging
 + Level 5.5 Shields


You had 6 spell levels left.
You didn't know any spells.
Your spell library contained the following spells:

 Spells                   Type           Power      Damage    Failure   Level
 Necrotise                Necr           0%         1d4       97%         1
 Sandblast                Erth           0%         2d4       97%         1
 Passwall                 Tmut/Erth      0%         N/A       99%         2
 Stone Arrow              Conj/Erth      0%         3d7       100%        3
 Vampiric Draining        Necr           0%         2d6       100%        3
 Agony                    Necr           0%         N/A       100%        5


Dungeon Overview and Level Annotations

Branches:
Dungeon (5/15)
 Temple: D:4-7

Altars:
Yredelemnul


Innate Abilities, Weirdness & Mutations

You cannot be hasted, slowed, berserked, paralysed or teleported.
You can dig through walls and to a lower floor.
You have a pair of large antennae on your head. (SInv)
Your four strong arms can wield two-handed weapons with a shield.


Message History

HP restored.
Found a ring mail.
Found a stone staircase leading down.
A water moccasin comes into view.
You see here 3 gold pieces.
A water moccasin is nearby!
An ogre comes into view. It is wielding a +0 giant club.
Found a scroll labelled LITANE SECSIF and a short sword.
The ogre shouts!
You miss the water moccasin. The water moccasin bites you. x2
You are poisoned.
The water moccasin poisons you!
You slash the water moccasin!
The water moccasin is heavily wounded.
You feel very sick. The water moccasin bites you.
You block the water moccasin's attack.
You closely miss the water moccasin.
The water moccasin is heavily wounded.
You feel very sick. The water moccasin barely misses you.
You slash the water moccasin!
The water moccasin is almost dead.
You feel sick. The water moccasin closely misses you.
You block the water moccasin's attack. You block the ogre's attack.
Unknown command.
You closely miss the water moccasin.
The water moccasin is almost dead.
You hit the ogre.
You feel sick. The water moccasin bites you. x2
Unknown command.
You hit the water moccasin.
You kill the water moccasin!
You slash the ogre!
You feel sick. The ogre hits you with a +0 giant club!
* * * LOW HITPOINT WARNING * * *
Unknown command.
You are too injured to fight recklessly!
Unknown command.
You are too injured to fight recklessly!
Unknown command.
You are too injured to fight recklessly!
You feel sick. The ogre hits you with a +0 giant club!
You die...

... ######## #...
.......). #?#.#
#.#.#.#.#
#....#.[......
#.#.#.#...#.#.#
###..#.......... ....
.....#.#..O..#.#.#
....##.##......@......#
.......#..#...#...#....
............$.........#
.......##.#.#.#.#.....#
.......##.............#
.###....#.#.#.#.......#
.................>....#
..........#.#.###+#####
#######.......#


You could see an ogre.

Vanquished Creatures
  A water moccasin (D:5)
  A black bear (D:5)
  A centaur zombie (D:3)
  A hound (D:4)
  2 jellies (D:4)
  An iguana (D:5)
  Terence (D:2)
  3 adders
  4 gnolls (D:3)
  An adder zombie (D:3)
  3 dart slugs
  3 worms
  An orc (D:4)
  6 ball pythons
  8 endoplasms
  2 giant cockroaches
  6 hobgoblins
  4 kobolds
  4 quokkas
  A ball python zombie (D:3)
  5 bats
  4 frilled lizards
  4 goblins (D:1)
  4 rats
71 creatures vanquished.

Notes
Turn   | Place    | Note
-------+----------+-------------------------------------------
     0 | D:1      | GigaChad the Formicid Fighter began the quest for the Orb.
     0 | D:1      | Reached XP level 1. HP: 18/18 MP: 1/1
   146 | D:1      | Reached XP level 2. HP: 20/24 MP: 2/2
   377 | D:1      | Reached XP level 3. HP: 29/29 MP: 3/3
   908 | D:2      | Noticed Terence
   917 | D:2      | Killed Terence
   918 | D:2      | Reached XP level 4. HP: 32/37 MP: 4/4
  1384 | D:3      | Reached XP level 5. HP: 30/42 MP: 5/5
  1460 | D:3      | HP: 2/42 [gnoll/+0 flail (7)]
  1935 | D:3      | Found a basalt altar of Yredelemnul.
  3078 | D:4      | Reached XP level 6. HP: 48/48 MP: 6/6
  3081 | D:4      | Reached skill level 5 in Shields
  3691 | D:5      | Entered Level 5 of the Dungeon
  3700 | D:5      | Noticed a black bear
  3711 | D:5      | Killed a black bear
  3712 | D:5      | Reached skill level 5 in Axes
  3712 | D:5      | Reached XP level 7. HP: 41/55 MP: 7/7
  3764 | D:5      | Noticed a water moccasin
  3772 | D:5      | Killed a water moccasin
  3773 | D:5      | Slain by an ogre

Illustrated notes

Levels and vault maps discovered:
D:1:      ebering_hopf_link, layout_basic
D:2:      layout_basic, grunt_ministairs_2, minmay_misc_feat_iff, uniq_terence
D:3:      layout_basic, nicolae_yredelemnul_corpse_copse
D:4:      layout_basic
D:5:      layout_basic, mainiacjoe_overflow_boulevard, hangedman_decor_riveting,
          uniq_pikel, uniq_grinder, uniq_edmund

Skill      XL: |  1  2  3  4  5  6 |
---------------+-------------------+-----
Axes           | 3 4 5 |  5.4
Armour         | 4 |  4.7
Fighting       | 4 |  4.4
Shields        | 5 |  5.5
Dodging        | |  0.5

Action                     |  1- 3 |  4- 6 |  7- 9 || total
---------------------------+-------+-------+-------++-------
  Melee: War axe           |    84 |    97 |     6 ||   187
 Armour: Scale mail        |    41 |    17 |       ||    58
         Chain mail        |       |    52 |       ||    52
  Dodge: Dodged            |    33 |    49 |     2 ||    84
  Block: Buckler           |    26 |    26 |     3 ||    55

Table legend: (Time is in decaauts)
 A = Elapsed time spent in this place.
 B = Non-inter-level travel time spent in this place.
 C = Inter-level travel time spent in this place.
 D = Time resting spent in this place.
 E = Time spent auto-exploring this place.
 F = Levels seen in this place.
 G = Mean time per level.
                   A        B        C        D        E       F      G
               +--------+--------+--------+--------+--------+-----+--------+
         Total |   3841 |   3670 |    171 |    340 |   2594 |   5 |  768.2 |
       Dungeon |   3841 |   3670 |    171 |    340 |   2594 |   5 |  768.2 |
               +--------+--------+--------+--------+--------+-----+--------+

Top non-repeatable levels by time:
     D:3: 1421 daAuts
     D:4: 968 daAuts
     D:2: 820 daAuts
     D:1: 544 daAuts
     D:5: 86 daAuts
